 Dungeon Crawl Stone Soup version 0.32-a0-120-gfac0567ad4 (webtiles) character file.

Game seed: 17907665051587748825

8 hipposaver the Changeling (level 2, 21/21 HPs)
             Began as a Demonspawn Shapeshifter on Feb 7, 2024.
             Quit the game on level 1 of the Dungeon.
             The game lasted 00:01:02 (205 turns).

hipposaver the Changeling (Demonspawn Shapeshifter)  Turns: 205, Time: 00:01:03

Health: 21/21      AC:  2    Str: 14    XL:     2   Next: 0%
Magic:  2/2        EV: 12    Int: 10    God:
Gold:   20         SH:  0    Dex: 12    Spells: 1/1 levels left

rFire   . .          .
                       - Unarmed
rCold   . . .        (no shield)
rNeg    . . .        a - +0 animal skin
rPois   .            (helmet currently unavailable)
rElec   .            (cloak currently unavailable)
rCorr   .            (gloves currently unavailable)
SInv    .            (boots currently unavailable)
Will    .....        (no amulet)
Stlth   +            (no ring)
HPRegen 0.23/turn    (no ring)
MPRegen 0.08/turn

%: no passive effects
@: beast-form
A: beast (slay +1), demonic magic 1
a: Begin Untransformation


You were on level 1 of the Dungeon.
You were a hulking beast.
You visited 1 branch of the dungeon, and saw 1 of its levels.

You collected 20 gold pieces.

Inventory:

Armour
 a - a +0 animal skin (worn)
Talismans
 c - a beast talisman
 d - a flux talisman
Potions
 b - a potion of lignification
 e - a potion of attraction {unknown}
 f - a potion of curing {unknown}
 g - a potion of brilliance {unknown}
 h - a potion of haste {unknown}
 i - a potion of degeneration {unknown}


   Skills:
 + Level 1.0 Fighting
 + Level 1.9 Dodging
 + Level 2.7 Unarmed Combat
 + Level 3.0 Shapeshifting


You had one spell level left.
You didn't know any spells.
Your spell library was empty.

Dungeon Overview and Level Annotations

Branches:
Dungeon (1/15)

Altars:


Innate Abilities, Weirdness & Mutations

You are a hulking beast.
Your limbs bulge with bestial killing power. (Slay +1)
Spells you cast may paralyse adjacent enemies.


Message History

You see here a dart slug corpse.
A kobold comes into view. It is wielding a +1 dagger of speed.
Found a robe and a yellow potion.
The helpless kobold fails to defend itself.
You hit the kobold.
You kill the kobold!
Your Shapeshifting skill increases to level 3!
Things that are here:
a +1 dagger of speed; a kobold corpse You see here a +0 robe.
h - a yellow potion You see here a +0 robe.
Things that are here:
a +1 dagger of speed; a kobold corpse You see here a +0 robe.
A rat comes into view.
A rat is nearby!
A frilled lizard comes into view.
The frilled lizard hisses angrily.
Found a brown potion.
The rat squeaks loudly.
The rat twitches its whiskers.
You closely miss the rat. The rat barely misses you.
You hit the rat.
You kill the rat!
You hit the frilled lizard.
You kill the frilled lizard!
You have reached level 2!
Your demonic ancestry asserts itself...
A menacing aura infuses your magic.
i - a brown potion You open the door.
You open the door.
There is an open door here.
As you open the door, it creaks loudly!
There is an open door here.
A ball python comes into view.
Found 15 gold pieces.
The ball python hisses angrily.
Are you sure you want to abandon this character and quit the game? (Confirm with "yes".)

..$ #.# #S# #.#
... #.#########
#.#........
#h#.########
###'#........#
#.......####.#
#.......# #.#
#.......####.#
#.......'....#
#.......######.###
+.......'........
# #.......######.#


You could see a ball python.

Vanquished Creatures
  A dart slug (D:1)
  2 bats (D:1)
  2 frilled lizards (D:1)
  A kobold (D:1)
  2 rats (D:1)
8 creatures vanquished.

Notes
Turn   | Place    | Note
-------+----------+-------------------------------------------
     0 | D:1      | hipposaver the Demonspawn Shapeshifter began the quest for
                  | the Orb.
     0 | D:1      | Reached XP level 1. HP: 15/15 MP: 1/1
   155 | D:1      | Reached skill level 3 in Shapeshifting
   171 | D:1      | Gained mutation: Spells you cast may paralyse adjacent
                  | enemies. [demonic ancestry]
   171 | D:1      | Reached XP level 2. HP: 21/21 MP: 2/2
   205 | D:1      | Quit the game

Illustrated notes

Levels and vault maps discovered:
D:1:      orjb1_lava_funnel, layout_basic

Skill      XL: |  1 |
---------------+----+-----
Shapeshifting  | 3 |  3.0
Fighting       | |  1.0
Dodging        | |  1.9
Unarmed Combat | |  2.7

Action                     || total
---------------------------++-------
  Melee: Unarmed           ||    18
   Stab: Sleeping          ||     1
 Armour: Animal skin       ||     6
  Dodge: Dodged            ||    19

Table legend: (Time is in decaauts)
 A = Elapsed time spent in this place.
 B = Non-inter-level travel time spent in this place.
 C = Inter-level travel time spent in this place.
 D = Time resting spent in this place.
 E = Time spent auto-exploring this place.
 F = Levels seen in this place.
 G = Mean time per level.
                   A        B        C        D        E       F      G
               +--------+--------+--------+--------+--------+-----+--------+
         Total |    203 |    203 |      0 |      0 |    139 |   1 |  203.0 |
       Dungeon |    203 |    203 |      0 |      0 |    139 |   1 |  203.0 |
               +--------+--------+--------+--------+--------+-----+--------+

Top non-repeatable levels by time:
     D:1: 203 daAuts
